 Dungeon Crawl Stone Soup version 0.26-a0-154-g3d63440f56 (webtiles) character file.

Game seed: 2913375910880403678

105 Flugslaktarn the Chiller (level 4, 0/27 HPs)
             Began as an Octopode Ice Elementalist on June 29, 2020.
             Slain by Maggie
             ... wielding a +0 morningstar of flaming
              (11 damage)
             ... on level 6 of the Dungeon on June 30, 2020.
             The game lasted 00:02:09 (335 turns).

Flugslaktarn the Chiller (Octopode Ice Elementalist) Turns: 335, Time: 00:02:09

Health: 0/27       AC:  1    Str:  7    XL:     4   Next: 81%
Magic:  2/9        EV: 13    Int: 18    God:
Gold:   18         SH:  0    Dex: 12    Spells: 5/9 levels left

rFire    . . .     SeeInvis .   k - +4 falchion
rCold    . . .     Faith    .   (no shield)
rNeg     . . .     Spirit   .   (helmet restricted)
rPois    .         Reflect  .   (no amulet)
rElec    .         Harm     .   (no ring)
rCorr    .                      (no ring)
MR       .....                  (no ring)
Stlth    +++.......             (no ring)
HPRegen  0.09/turn              (no ring)
MPRegen  0.11/turn              (no ring)
                                (no ring)
                                (no ring)

@: frozen ramparts
A: almost no armour, stealthy swim, amphibious, 8 rings, constrict 8, camouflage
1, gelatinous body 1
a: no special abilities


You were on level 6 of the Dungeon.
You were not hungry.

You visited 1 branch of the dungeon, and saw 5 of its levels.

You collected 18 gold pieces.

Inventory:

Hand Weapons
 k - a +4 falchion (weapon)
   (You found it on level 6 of the Dungeon)
Missiles
 j - 7 poisoned darts (quivered)
Scrolls
 e - a scroll of fog {unknown}
 g - a scroll of remove curse {unknown}
 i - a scroll of random uselessness {unknown}
 l - 3 scrolls of acquirement {unknown}
Potions
 a - 2 potions of mutation {unknown}
 c - a potion of flight {unknown}
 d - a potion of might {unknown}
 h - a potion of ambrosia {unknown}
 m - a potion of curing {unknown}
 n - a potion of haste {unknown}
 o - a potion of resistance {unknown}
Comestibles
 b - 4 rations


   Skills:
 - Level 2.0 Dodging
 - Level 2.6 Stealth
 + Level 3.4 Spellcasting
 + Level 5.1 Ice Magic


You had 5 spell levels left.
You knew the following spells:

 Your Spells              Type           Power        Failure   Level  Hunger
a - Freeze                Ice            ###.         1%          1    None
b - Frozen Ramparts       Ice            ###...       6%          3    ###....

Your spell library contained the following spells:

 Spells                   Type           Power        Failure   Level  Hunger
 Ozocubu's Armour         Chrm/Ice       ##......     16%         3    ###....
 Hailstorm                Conj/Ice       ##......     47%         4    ####...
 Summon Ice Beast         Ice/Summ       ##......     47%         4    ####...


Dungeon Overview and Level Annotations

Branches:
Dungeon (4/15)
 Temple: D:4-7

Altars:
Ru
The Shining One

Annotations:
D:6 Maggie


Innate Abilities, Weirdness & Mutations

You cannot wear most types of armour.
You are very stealthy in the water. (Stealth+)
You are amphibious.
You can wear up to eight rings at the same time.
You can use your tentacles to constrict eight enemies at once.
Your skin changes colour to match your surroundings (Stealth+).
Your rubbery body absorbs attacks. (AC +1, EV +1)


Message History

This spell is quite dangerous to cast!
Memorise Frozen Ramparts, consuming 3 spell levels and leaving 5?
You start memorising the spell.
You continue memorising. x3
You finish memorising.
Spell assigned to 'b'.
Unknown command.
b - 4 rations (gained 1)
Found a golden potion.
n - a golden potion You open the door.
There is an open door here.
Some of the chunks of flesh in your inventory have rotted away.
Found a smoky yellow potion.
o - a smoky yellow potion You open the door.
Maggie the Vainglorious comes into view.
She is wielding a +0 morningstar of flaming.
Throwing (i - inventory)
j - 8 poisoned darts (quivered)
Press: ? - help, Shift-Dir - straight line, f - Maggie
Aim: Maggie, wielding a +0 morningstar of flaming and wearing +0 steam dragon scales (asleep)
You throw a poisoned dart. The poisoned dart hits Maggie.
Maggie is poisoned.
Maggie shouts!
Casting: Freeze (safe; 1% risk of failure)
Confirm with . or Enter, or press ? or * to list all spells.
You can't see any susceptible monsters within range! (Use Z to cast anyway.)
Casting: Freeze (safe; 1% risk of failure)
Confirm with . or Enter, or press ? or * to list all spells.
The spell is quite dangerous to cast (6% risk of failure)!
Continue anyway?
The walls around you are covered in ice.
All of the chunks of flesh in your inventory have rotted away.
Unknown command.
Casting: Frozen Ramparts (quite dangerous; 6% risk of failure)
Confirm with . or Enter, or press ? or * to list all spells.
Aiming: Freeze (safe; 1% risk of failure)
Press: ? - help, Shift-Dir - straight line, f/p - Maggie
Aim: Maggie, wielding a +0 morningstar of flaming and wearing +0 steam dragon scales (lightly wounded, poisoned)
You freeze Maggie.
Maggie is lightly wounded.
The wall freezes Maggie.
Maggie hits you with a +0 morningstar of flaming!
Maggie burns you.
* * * LOW HITPOINT WARNING * * *
Casting: Freeze (safe; 1% risk of failure)
Confirm with . or Enter, or press ? or * to list all spells.
Aiming: Freeze (safe; 1% risk of failure)
Press: ? - help, Shift-Dir - straight line, f/p - Maggie
Aim: Maggie, wielding a +0 morningstar of flaming and wearing +0 steam dragon scales (moderately wounded, poisoned)
You freeze Maggie.
Maggie is moderately wounded.
The wall freezes Maggie.
Maggie hits you with a +0 morningstar of flaming!
You die...

...#..#..## ..........#
).........# ..........#
....###...# #####
....##############......
..........#......#...(..
..........#......@......
..........#.....@#......
..........##.....# .....
#...##....##.....# ....
#...##....##.....# ...
'....#...........# ..
#....+...........# .
#....#....##.....#
############.....#
#.....#


You could see Maggie (poisoned).

Vanquished Creatures
  An ogre (D:6)
  2 adders
  2 kobolds (D:3)
  A bat (D:1)
  A rat (D:1)
7 creatures vanquished.

Notes
Turn   | Place    | Note
-------+----------+-------------------------------------------
     0 | D:1      | Flugslaktarn the Octopode Ice Elementalist began the quest
                  | for the Orb.
     0 | D:1      | Reached XP level 1. HP: 11/11 MP: 3/3
    86 | D:2      | Reached XP level 2. HP: 11/17 MP: 0/5
   150 | D:3      | Upgraded the game from 0.26-a0-146-g24f6d3962c to
                  | 0.26-a0-154-g3d63440f56
   157 | D:4      | Found a glowing golden altar of the Shining One.
   166 | D:4      | Found a sacrificial altar of Ru.
   234 | D:3      | You fall into a shaft and drop 3 floors!
   266 | D:6      | Noticed an ogre
   276 | D:6      | Killed an ogre
   276 | D:6      | Reached skill level 5 in Ice Magic
   276 | D:6      | Reached XP level 3. HP: 18/21 MP: 0/7
   276 | D:6      | Reached XP level 4. HP: 24/27 MP: 0/9
   281 | D:6      | Learned a level 3 spell: Frozen Ramparts
   328 | D:6      | Noticed Maggie
   335 | D:6      | Slain by Maggie

Illustrated notes

Levels and vault maps discovered:
D:1:      minmay_arrival_semitransparent, layout_basic
D:2:      minmay_inner_zag, layout_basic, minivault_26, uniq_crazy_yiuf_cottage,
          uniq_robin, uniq_sigmund
D:3:      layout_loops_cross, first_ration
D:4:      layout_basic, grunt_temple_overflow_open, kennysheep_mini
D:6:      layout_gridville, temple_pool_b, uniq_maggie

Skill      XL: |  1  2 |
---------------+-------+-----
Spellcasting   | 3 |  3.4
Ice Magic      | 5 |  5.1
Dodging        | |  2.0
Stealth        | |  2.6

Action                   |  1- 3 |  4- 6 || total
-------------------------+-------+-------++-------
Melee: Unarmed           |     5 |       ||     5
       Constrict         |     1 |       ||     1
       Falchion          |     2 |       ||     2
       Tentacles         |     2 |       ||     2
Throw: Dart              |       |     1 ||     1
 Cast: Freeze            |    16 |     2 ||    18
       Frozen Ramparts   |       |     1 ||     1
Armor: Skin              |     1 |       ||     1
Dodge: Dodged            |    14 |       ||    14
       Rpst.: Falchion   |     2 |       ||     2

Table legend:
 A = Non-vault XP
 B = Vault XP
 C = Vault XP percentage of total XP
 D = Non-vault monster count
 E = Vault monster count
 F = Vault count percentage of total count
                 A         B        C        D         E       F
            +---------+---------+-------+---------+---------+-------
      Total |     150 |       0 |   0.0 |       7 |       0 |   0.0
            +---------+---------+-------+---------+---------+-------
        D:1 |       2 |       0 |   0.0 |       2 |       0 |   0.0
        D:2 |      14 |       0 |   0.0 |       1 |       0 |   0.0
        D:3 |       3 |       0 |   0.0 |       2 |       0 |   0.0
        D:4 |      13 |       0 |   0.0 |       1 |       0 |   0.0
        D:6 |     118 |       0 |   0.0 |       1 |       0 |   0.0
            +---------+---------+-------+---------+---------+-------
